Carnivores vs Diables
(R1)
Created - 7 mai 2016 at 19:06
Goals
|
Carnivores |
2 |
1 |
1 |
4 |
Diables |
1 |
2 |
3 |
6 |
|
Shots
|
Carnivores |
9 |
15 |
12 |
36 |
Diables |
11 |
7 |
13 |
31 |
|
1st period
1. Diables , Brandon Prust 2 (Tyler Bozak) at 14:44
2. Carnivores , Chris Lawrence 2 (John Moore, Andy Miele) at 14:52
3. Carnivores , Chris Lawrence 3 (Blake Geoffrion, Andy Miele) at 15:18
Penalties :
Colton Orr (Bre) for Hooking (Minor) at 8:45
2nd period
4. Diables , Brad Richardson 1 (Kellan Lain, Craig Smith) at 8:22
5. Diables , Pierre-Cédric Labrie 1 (Steve Quailer, Dustin Kohn) at 10:45
6. Carnivores , Anton Gustafsson 1 (Bobby Sanguinetti) at 14:32
Penalties :
Bryan Berard (Bre) for Hooking (Minor) at 1:08, Brad Richardson (Alm) for Tripping (Minor) at 4:18, Chris Lawrence (Bre) for Hooking (Minor) at 14:51
3rd period
7. Diables , Pierre-Cédric Labrie 2 (Steve Quailer, Riley Sheahan) at 0:36
8. Diables , Tyler Bozak 1 (Brad Richardson, Kellan Lain) at 16:02
9. Carnivores , Zack Smith 1 (Colton Orr, Bryan Berard) at 17:00
10. Diables , Craig Smith 1 (Brad Richardson) at 17:19
Penalties :
Sasha Pokulok (Bre) for Holding (Minor) at 3:54, Bryan Berard (Bre) for Boarding (Minor) at 11:36, Lukas Krajicek (Alm) for Hooking (Minor) at 18:29
Goalie Stats
Steve Mason (Bre), 25 saves from 31 shots - (0,806), L, 0-2-0, 60:00 minutes
Frederik Andersen (Alm), 32 saves from 36 shots - (0,889), W, 2-0-0, 60:00 minutes
Players Stats for Carnivores
Player Name G A P +/- PIM S H SB GA TA FO MP PP MP PK MP
------------------------------------------------------------------------------------
Andy Miele 0 2 2 0 0 2 2 0 0 0 22/39 22:36 1:54 5:09
Anton Gustafsson 1 0 1 0 0 3 1 0 1 1 1/4 14:14 0:00 2:23
Blake Geoffrion 0 1 1 0 0 5 2 2 0 0 0/0 17:27 1:54 0:00
Bobby Sanguinetti 0 1 1 2 0 3 0 0 0 0 0/0 18:32 1:18 2:52
Brendan Gallagher 0 0 0 0 0 1 0 0 0 0 0/0 11:39 0:00 0:00
Bryan Berard 0 1 1 0 4 0 0 2 3 1 0/0 22:58 2:11 2:31
Chris Butler 0 0 0 -2 0 0 0 0 0 0 0/0 6:17 0:00 0:56
Chris Lawrence 2 0 2 0 2 4 3 1 0 1 2/3 21:54 1:54 4:18
Colton Orr 0 1 1 -2 2 5 1 0 0 0 0/1 10:27 0:00 2:53
Frederic St-Denis 0 0 0 -2 0 0 0 0 0 0 0/0 5:06 0:00 0:00
Jeremy Welsh 0 0 0 0 0 1 1 0 0 0 0/0 11:39 0:00 0:00
Joffrey Lupul 0 0 0 0 0 1 1 0 0 0 0/0 14:18 1:35 0:47
John Moore 0 1 1 0 0 3 1 5 1 1 0/0 25:59 2:11 5:01
Lane MacDermid 0 0 0 -2 0 2 0 0 0 0 0/0 9:33 0:00 2:20
Mikael Granlund 0 0 0 0 0 4 1 0 1 0 5/10 15:24 1:35 2:00
Nate Schmidt 0 0 0 -2 0 0 0 1 0 1 0/0 13:37 0:00 4:38
Phil Oreskovic 0 0 0 -2 0 0 0 1 0 0 0/0 10:03 1:18 0:00
Ryan Keller 0 0 0 0 0 0 2 0 0 0 1/1 13:24 1:35 0:00
Sasha Pokulok 0 0 0 2 2 1 2 1 0 1 0/0 17:40 0:00 3:52
Zack Smith 1 0 1 -2 0 1 1 0 0 0 2/4 7:13 0:00 0:00
Players Stats for Diables
Player Name G A P +/- PIM S H SB GA TA FO MP PP MP PK MP
------------------------------------------------------------------------------------
Brad Richardson 1 2 3 0 2 4 1 1 2 0 0/0 16:49 4:37 0:00
Brandon Prust 1 0 1 0 0 2 2 1 0 0 0/1 18:54 4:37 0:00
Craig Smith 1 1 2 0 0 4 0 0 0 0 7/12 16:33 4:37 0:07
Damien Brunner 0 0 0 0 0 1 1 0 1 1 1/1 21:26 5:18 1:43
Dustin Kohn 0 1 1 1 0 3 0 2 0 0 0/0 20:36 6:30 1:10
Jared Cowen 0 0 0 0 0 1 1 1 0 1 0/0 28:18 6:30 2:24
Kellan Lain 0 2 2 0 0 3 1 0 0 0 0/0 19:20 5:18 1:41
Kyle Chipchura 0 0 0 0 0 0 0 0 0 0 0/1 8:29 0:00 0:00
Lukas Krajicek 0 0 0 0 2 0 1 1 0 0 0/0 23:22 3:25 0:36
Matt Jones 0 0 0 1 0 0 0 2 0 1 0/0 15:38 0:00 2:19
Pavel Valentenko 0 0 0 1 0 0 1 0 0 0 0/0 10:19 0:00 0:29
Pierre-Cédric Labrie 2 0 2 2 0 4 1 0 0 1 3/3 11:29 0:00 0:00
Riley Sheahan 0 1 1 2 0 0 0 0 1 1 3/10 13:17 0:00 1:48
Steve Quailer 0 2 2 2 0 4 0 1 1 1 1/1 11:29 0:00 0:00
Taylor Beck 0 0 0 0 0 1 0 1 0 0 0/1 8:29 0:00 0:00
Tomas Kubalik 0 0 0 0 0 1 0 0 0 0 0/0 9:08 0:00 0:39
Tyler Bozak 1 1 2 0 0 2 3 0 1 0 14/32 21:07 5:18 1:00
Tyler Cuma 0 0 0 1 0 1 3 0 0 0 0/0 17:11 3:25 0:00
Tyson Barrie 0 0 0 0 0 0 0 0 0 0 0/0 4:35 0:00 0:00
3 Stars
1 - Pierre-Cédric Labrie (Alm)
2 - Chris Lawrence (Bre)
3 - Tyler Bozak (Alm)
Power Play
Carnivores - 0 on 2 Attempt(s) - 0,00%
Diables - 0 on 5 Attempt(s) - 0,00%
Penalty Kill
Carnivores - 5 on 5 Attempt(s) - 100,00%
- Score 0 goal in Penalty Kill
Diables - 2 on 2 Attempt(s) - 100,00%
- Score 0 goal in Penalty Kill
Team Stat
Carnivores - Hits : 18 - Faceoff Wins : 33 - Blocked Shots : 13 - Penalty Minutes : 10
Diables - Hits : 15 - Faceoff Wins : 29 - Blocked Shots : 10 - Penalty Minutes : 4
Official
Referees : Furlatt Eric and Charron Francis
Linesman : Scott Driscoll and Pierre Champoux
Game Notes
No Game Note
Finance
Level 1 -- Attendance: 1664 (83,20%) -- Ticket Income 58 240 $
Level 2 -- Attendance: 823 (82,30%) -- Ticket Income 12 345 $
Total Attendance: 2487 (82,90%)
Total Ticket Income: 70 585 $
Other Income: 3 529 $
Total Income: 74 114 $
Carnivores
5 vs 5 Forward
Center Left Wing Right Wing Time % Phy DF OF
1 Andy Miele Blake Geoffrion Chris Lawrence 40 1 2 2
2 Mikael Granlund Joffrey Lupul Ryan Keller 30 1 2 2
3 Anton Gustafsson Jeremy Welsh Brendan Gallagher 20 1 2 2
4 Zack Smith Lane MacDermid Colton Orr 10 2 2 1
5 vs 5 Defense
Defense Defense Time % Phy DF OF
1 Bryan Berard John Moore 40 1 2 2
2 Bobby Sanguinetti Sasha Pokulok 30 1 2 2
3 Phil Oreskovic Nate Schmidt 20 1 2 2
4 Chris Butler Frederic St-Denis 10 1 2 2
PowerPlay Forward
Center Left Wing Right Wing Time % Phy DF OF
1 Andy Miele Blake Geoffrion Chris Lawrence 60 1 2 2
2 Mikael Granlund Joffrey Lupul Ryan Keller 40 1 2 2
PowerPlay Defense
Defense Defense Time % Phy DF OF
1 Bryan Berard John Moore 60 1 2 2
2 Bobby Sanguinetti Phil Oreskovic 40 1 2 2
Penalty Kill 4 Players Forward
Center Wing Time % Phy DF OF
1 Andy Miele Chris Lawrence 60 1 2 2
2 Anton Gustafsson Colton Orr 40 1 2 2
Penalty Kill 4 Players Defense
Defense Defense Time % Phy DF OF
1 Sasha Pokulok John Moore 60 1 2 2
2 Bryan Berard Nate Schmidt 40 1 2 2
Penalty Kill - 3 Players Forward
Forward Time % Phy DF OF
1 Andy Miele 60 1 2 2
2 Anton Gustafsson 40 1 2 2
Penalty Kill - 3 Players Defense
Defense Defense Time % Phy DF OF
1 Sasha Pokulok John Moore 60 1 2 2
2 Bryan Berard Nate Schmidt 40 1 2 2
4 vs 4 Forward
Center Wing Time % Phy DF OF
1 Andy Miele Colton Orr 60 1 2 2
2 Mikael Granlund Ryan Keller 40 1 2 2
4 vs 4 Defense
Defense Defense Time % Phy DF OF
1 Bryan Berard John Moore 60 1 2 2
2 Phil Oreskovic Bobby Sanguinetti 40 1 2 2
Last Minutes Offensive
Center Left Wing Right Wing Defense Defense
Mikael Granlund Blake Geoffrion Ryan Keller John Moore Bryan Berard
Last Minutes Defensive
Center Left Wing Right Wing Defense Defense
Andy Miele Blake Geoffrion Colton Orr John Moore Bryan Berard
Goaltenders
Starting : Steve Mason
Backup : Antti Raanta
Extra Forwards
Normal : Brendan Gallagher, Colton Orr, Ryan Keller - PP : Brendan Gallagher, Mikael Granlund - PK : Colton Orr
Extra Defensemen
Normal : Bobby Sanguinetti, Nate Schmidt, Phil Oreskovic - PP : Bobby Sanguinetti - PK : Nate Schmidt, Bobby Sanguinetti
Penalty Shots
Mikael Granlund, Brendan Gallagher, Ryan Keller, Andy Miele, Blake Geoffrion
Diables
5 vs 5 Forward
Center Left Wing Right Wing Time % Phy DF OF
1 Tyler Bozak Brandon Prust Damien Brunner 40 1 2 2
2 Craig Smith Kellan Lain Brad Richardson 30 1 2 2
3 Riley Sheahan Pierre-Cédric Labrie Steve Quailer 20 1 2 2
4 Kyle Chipchura Taylor Beck Tomas Kubalik 10 1 2 2
5 vs 5 Defense
Defense Defense Time % Phy DF OF
1 Lukas Krajicek Jared Cowen 40 1 2 2
2 Dustin Kohn Tyler Cuma 30 1 2 2
3 Matt Jones Pavel Valentenko 20 1 2 2
4 Tyson Barrie Matt Jones 10 1 2 2
PowerPlay Forward
Center Left Wing Right Wing Time % Phy DF OF
1 Tyler Bozak Kellan Lain Damien Brunner 60 1 2 2
2 Craig Smith Brandon Prust Brad Richardson 40 1 2 2
PowerPlay Defense
Defense Defense Time % Phy DF OF
1 Dustin Kohn Jared Cowen 60 1 2 2
2 Lukas Krajicek Tyler Cuma 40 1 2 2
Penalty Kill 4 Players Forward
Center Wing Time % Phy DF OF
1 Riley Sheahan Damien Brunner 60 1 2 2
2 Tyler Bozak Kellan Lain 40 1 2 2
Penalty Kill 4 Players Defense
Defense Defense Time % Phy DF OF
1 Jared Cowen Matt Jones 60 1 2 2
2 Dustin Kohn Lukas Krajicek 40 1 2 2
Penalty Kill - 3 Players Forward
Forward Time % Phy DF OF
1 Kyle Chipchura 60 1 2 2
2 Damien Brunner 40 1 2 2
Penalty Kill - 3 Players Defense
Defense Defense Time % Phy DF OF
1 Lukas Krajicek Jared Cowen 60 1 2 2
2 Dustin Kohn Tyler Cuma 40 1 2 2
4 vs 4 Forward
Center Wing Time % Phy DF OF
1 Riley Sheahan Damien Brunner 60 1 2 2
2 Tyler Bozak Kellan Lain 40 1 2 2
4 vs 4 Defense
Defense Defense Time % Phy DF OF
1 Lukas Krajicek Matt Jones 60 1 2 2
2 Dustin Kohn Tyler Cuma 40 1 2 2
Last Minutes Offensive
Center Left Wing Right Wing Defense Defense
Tyler Bozak Brandon Prust Damien Brunner Lukas Krajicek Jared Cowen
Last Minutes Defensive
Center Left Wing Right Wing Defense Defense
Tyler Bozak Kellan Lain Damien Brunner Lukas Krajicek Jared Cowen
Goaltenders
Starting : Frederik Andersen
Backup : Marek Mazanek
Extra Forwards
Normal : Craig Smith, Pierre-Cédric Labrie, Tomas Kubalik - PP : Craig Smith, Pierre-Cédric Labrie - PK : Tomas Kubalik
Extra Defensemen
Normal : Tyson Barrie, Pavel Valentenko, Matt Jones - PP : Tyson Barrie - PK : Pavel Valentenko, Jared Cowen
Penalty Shots
Craig Smith, Damien Brunner, Kellan Lain, Tyler Bozak, Brandon Prust
% Time on Ice - Carnivores
Lines # - Real PCT - Wanted PCT - Time Play
Normal Forward
1 - 34% - 40% - 15:43
2 - 26% - 30% - 12:01
3 - 25% - 20% - 11:39
4 - 15% - 10% - 7:13
Normal Defense
1 - 41% - 40% - 18:54
2 - 31% - 30% - 14:15
3 - 18% - 20% - 8:21
4 - 11% - 10% - 5:06
PP Forward
1 - 55% - 60% - 1:54
2 - 45% - 40% - 1:35
PP Defense
1 - 63% - 60% - 2:11
2 - 37% - 40% - 1:18
PK Forward
1 - 76% - 60% - 7:32
2 - 24% - 40% - 2:23
PK Defense
1 - 59% - 60% - 5:51
2 - 41% - 40% - 4:04
PK3 Forward
1 - 0% - 60%
2 - 0% - 40%
PK3 Defense
1 - 0% - 60%
2 - 0% - 40%
44 Forward
1 - 0% - 60%
2 - 0% - 40%
44 Defense
1 - 0% - 60%
2 - 0% - 40%
Last Minute Offensive - 0:00
Last Minute Defensive - 0:00
Total
Forward - 60:00
Defense - 60:00
|
% Time on Ice - Diables
Lines # - Real PCT - Wanted PCT - Time Play
Normal Forward
1 - 31% - 40% - 14:25
2 - 26% - 30% - 12:13
3 - 25% - 20% - 11:29
4 - 18% - 10% - 8:29
Normal Defense
1 - 42% - 40% - 19:24
2 - 31% - 30% - 14:17
3 - 18% - 20% - 8:34
4 - 9% - 10% - 4:21
PP Forward
1 - 53% - 60% - 5:18
2 - 47% - 40% - 4:37
PP Defense
1 - 66% - 60% - 6:30
2 - 34% - 40% - 3:25
PK Forward
1 - 71% - 60% - 2:29
2 - 29% - 40% - 1:00
PK Defense
1 - 67% - 60% - 2:19
2 - 33% - 40% - 1:10
PK3 Forward
1 - 0% - 60%
2 - 0% - 40%
PK3 Defense
1 - 0% - 60%
2 - 0% - 40%
44 Forward
1 - 0% - 60%
2 - 0% - 40%
44 Defense
1 - 0% - 60%
2 - 0% - 40%
Last Minute Offensive - 0:00
Last Minute Defensive - 0:00
Total
Forward - 60:00
Defense - 60:00
|
Play by Play
1st period
0:01 of 1st period - Andy Miele wins face-off versus Tyler Bozak in neutral zone.
0:03 of 1st period - Off-side.
0:04 of 1st period - Damien Brunner wins face-off versus Andy Miele in neutral zone.
1:04 of 1st period - Wrist shot by Brad Richardson.
1:04 of 1st period - Shot Misses the Net.
1:15 of 1st period - Off-side.
1:16 of 1st period - Steve Quailer wins face-off versus Zack Smith in neutral zone.
1:39 of 1st period - Icing by Phil Oreskovic.
1:40 of 1st period - Zack Smith wins face-off versus Taylor Beck in Carnivores zone.
1:59 of 1st period - Wrist shot by Colton Orr.
1:59 of 1st period - Stopped by Frederik Andersen with a rebound.
2:02 of 1st period - Icing by Pavel Valentenko.
2:03 of 1st period - Andy Miele wins face-off versus Kyle Chipchura in Diables zone.
2:30 of 1st period - Matt Jones is hit by Anton Gustafsson and loses puck.
2:43 of 1st period - Slapshot by Dustin Kohn.
2:43 of 1st period - Shot Misses the Net.
3:40 of 1st period - Slapshot by Dustin Kohn.
3:40 of 1st period - Shot Blocked by Bryan Berard.
3:46 of 1st period - Slapshot by Dustin Kohn.
3:46 of 1st period - Deflect By Tomas Kubalik.
3:46 of 1st period - Stopped by Steve Mason with a rebound.
3:48 of 1st period - Snap shot by Tomas Kubalik.
3:48 of 1st period - Shot Blocked by John Moore.
3:50 of 1st period - Slapshot by Dustin Kohn.
3:50 of 1st period - Stopped by Steve Mason with a rebound.
5:10 of 1st period - Slapshot by Tyler Cuma.
5:10 of 1st period - Shot Misses the Net.
5:12 of 1st period - Slapshot by Dustin Kohn.
5:12 of 1st period - Stopped by Steve Mason with a rebound.
5:14 of 1st period - Slapshot by Dustin Kohn.
5:14 of 1st period - Shot Misses the Net.
5:16 of 1st period - Slapshot by Tyler Cuma.
5:16 of 1st period - Shot Misses the Net.
5:20 of 1st period - Slapshot by Tomas Kubalik.
5:20 of 1st period - Shot Blocked by John Moore.
5:22 of 1st period - Snap shot by Tomas Kubalik.
5:22 of 1st period - Shot Misses the Net.
5:24 of 1st period - Slapshot by Dustin Kohn.
5:24 of 1st period - Shot Blocked by Bryan Berard.
5:26 of 1st period - Snap shot by Taylor Beck.
5:26 of 1st period - Stopped by Steve Mason without a rebound.
5:27 of 1st period - Tyler Bozak wins face-off versus Andy Miele in Carnivores zone.
5:52 of 1st period - Joffrey Lupul is hit by Lukas Krajicek and loses puck.
6:17 of 1st period - Slapshot by Colton Orr.
6:17 of 1st period - Stopped by Frederik Andersen without a rebound.
6:18 of 1st period - Pierre-Cédric Labrie wins face-off versus Colton Orr in Diables zone.
6:44 of 1st period - Chris Lawrence is hit by Jared Cowen and loses puck.
7:06 of 1st period - Icing by Phil Oreskovic.
7:07 of 1st period - Mikael Granlund wins face-off versus Craig Smith in Carnivores zone.
7:07 of 1st period - Mikael Granlund is hit by Brad Richardson.
7:15 of 1st period - Craig Smith is hit by Joffrey Lupul and loses puck.
7:22 of 1st period - Wrist shot by Joffrey Lupul.
7:22 of 1st period - Stopped by Frederik Andersen without a rebound.
7:23 of 1st period - Tyler Bozak wins face-off versus Andy Miele in Diables zone.
8:45 of 1st period - Minor Penalty to Colton Orr for Hooking.
8:46 of 1st period - Andy Miele wins face-off versus Tyler Bozak in Carnivores zone.
10:45 of 1st period - Penalty to Colton Orr is over, Colton Orr is back on ice.
10:59 of 1st period - Sasha Pokulok is hit by Pierre-Cédric Labrie and loses puck.
12:04 of 1st period - Matt Jones is hit by Zack Smith and loses puck.
13:09 of 1st period - Snap shot by Chris Lawrence.
13:09 of 1st period - Shot Blocked by Lukas Krajicek.
13:11 of 1st period - Wrist shot by Chris Lawrence.
13:11 of 1st period - Shot Blocked by Taylor Beck.
13:21 of 1st period - Wrist shot by Anton Gustafsson.
13:21 of 1st period - Deflect By Jeremy Welsh.
13:21 of 1st period - Stopped by Frederik Andersen with a rebound.
13:58 of 1st period - Wrist shot by Brendan Gallagher.
13:58 of 1st period - Shot Blocked by Matt Jones.
14:39 of 1st period - Lane MacDermid is hit by Tyler Cuma and loses puck.
14:44 of 1st period - Snap shot by Brandon Prust.
14:44 of 1st period - Goal by Brandon Prust - Carnivores : 0 - Diables : 1.
14:45 of 1st period - Andy Miele wins face-off versus Craig Smith in neutral zone.
14:48 of 1st period - Slapshot by Andy Miele.
14:48 of 1st period - Shot Blocked by Brad Richardson.
14:52 of 1st period - Snap shot by Chris Lawrence.
14:52 of 1st period - Goal by Chris Lawrence - Carnivores : 1 - Diables : 1.
14:53 of 1st period - Tyler Bozak wins face-off versus Andy Miele in neutral zone.
15:06 of 1st period - Snap shot by Brandon Prust.
15:06 of 1st period - Deflect By Damien Brunner.
15:06 of 1st period - Shot Blocked by John Moore.
15:06 of 1st period - Puck is out of play.
15:07 of 1st period - Andy Miele wins face-off versus Craig Smith in Carnivores zone.
15:14 of 1st period - Snap shot by Chris Lawrence.
15:14 of 1st period - Stopped by Frederik Andersen with a rebound.
15:16 of 1st period - Wrist shot by Andy Miele.
15:16 of 1st period - Deflect By Blake Geoffrion.
15:16 of 1st period - Stopped by Frederik Andersen with a rebound.
15:18 of 1st period - Snap shot by Chris Lawrence.
15:18 of 1st period - Goal by Chris Lawrence - Carnivores : 2 - Diables : 1.
15:19 of 1st period - Tyler Bozak wins face-off versus Andy Miele in neutral zone.
15:30 of 1st period - Wrist shot by Brandon Prust.
15:30 of 1st period - Deflect By Tyler Bozak.
15:30 of 1st period - Shot Blocked by John Moore.
15:30 of 1st period - Puck is out of play.
15:31 of 1st period - Tyler Bozak wins face-off versus Chris Lawrence in Carnivores zone.
15:38 of 1st period - Wrist shot by Damien Brunner.
15:38 of 1st period - Shot Misses the Net.
15:42 of 1st period - Snap shot by Damien Brunner.
15:42 of 1st period - Shot Blocked by Blake Geoffrion.
16:18 of 1st period - Slapshot by Brendan Gallagher.
16:18 of 1st period - Stopped by Frederik Andersen with a rebound.
16:37 of 1st period - Off-side.
16:38 of 1st period - Andy Miele wins face-off versus Brandon Prust in neutral zone.
16:45 of 1st period - Snap shot by Brandon Prust.
16:45 of 1st period - Shot Misses the Net.
16:47 of 1st period - Snap shot by Brandon Prust.
16:47 of 1st period - Shot Misses the Net.
16:49 of 1st period - Slapshot by Tyler Bozak.
16:49 of 1st period - Stopped by Steve Mason with a rebound.
17:28 of 1st period - Snap shot by Steve Quailer.
17:28 of 1st period - Stopped by Steve Mason with a rebound.
17:30 of 1st period - Wrist shot by Steve Quailer.
17:30 of 1st period - Shot Misses the Net.
17:32 of 1st period - Wrist shot by Riley Sheahan.
17:32 of 1st period - Shot Blocked by Nate Schmidt.
17:34 of 1st period - Snap shot by Pierre-Cédric Labrie.
17:34 of 1st period - Stopped by Steve Mason with a rebound.
17:50 of 1st period - Brandon Prust is hit by Chris Lawrence.
18:08 of 1st period - Slapshot by Brad Richardson.
18:08 of 1st period - Stopped by Steve Mason with a rebound.
18:10 of 1st period - Snap shot by Kellan Lain.
18:10 of 1st period - Deflect By Brad Richardson.
18:10 of 1st period - Stopped by Steve Mason without a rebound.
18:11 of 1st period - Craig Smith wins face-off versus Mikael Granlund in Carnivores zone.
18:26 of 1st period - Icing by Kellan Lain.
18:27 of 1st period - Craig Smith wins face-off versus Andy Miele in Diables zone.
18:33 of 1st period - Kellan Lain is hit by Andy Miele and loses puck.
18:40 of 1st period - Wrist shot by Chris Lawrence.
18:40 of 1st period - Shot Misses the Net.
18:42 of 1st period - Slapshot by Andy Miele.
18:42 of 1st period - Shot Misses the Net.
19:13 of 1st period - Snap shot by Steve Quailer.
19:13 of 1st period - Stopped by Steve Mason with a rebound.
19:37 of 1st period - Snap shot by Andy Miele.
19:37 of 1st period - Shot Blocked by Dustin Kohn.
Goals for this period are 2 for Carnivores vs 1 for Diables.
Shots for this period are 9 for Carnivores vs 11 for Diables.
2nd period
0:01 of 2nd period - Andy Miele wins face-off versus Tyler Bozak in neutral zone.
0:36 of 2nd period - Craig Smith is hit by Ryan Keller.
1:08 of 2nd period - Minor Penalty to Bryan Berard for Hooking.
1:09 of 2nd period - Andy Miele wins face-off versus Tyler Bozak in Carnivores zone.
1:18 of 2nd period - Tyler Bozak is hit by Chris Lawrence and loses puck.
2:43 of 2nd period - Snap shot by Lane MacDermid.
2:43 of 2nd period - Stopped by Frederik Andersen with a rebound.
3:08 of 2nd period - Penalty to Bryan Berard is over, Bryan Berard is back on ice.
3:15 of 2nd period - Icing by Riley Sheahan.
3:16 of 2nd period - Mikael Granlund wins face-off versus Riley Sheahan in Diables zone.
3:19 of 2nd period - Slapshot by Joffrey Lupul.
3:19 of 2nd period - Shot Blocked by Jared Cowen.
3:44 of 2nd period - Snap shot by Steve Quailer.
3:44 of 2nd period - Stopped by Steve Mason without a rebound.
3:45 of 2nd period - Tyler Bozak wins face-off versus Anton Gustafsson in Carnivores zone.
4:08 of 2nd period - Pavel Valentenko is hit by Blake Geoffrion and loses puck.
4:18 of 2nd period - Minor Penalty to Brad Richardson for Tripping.
4:19 of 2nd period - Andy Miele wins face-off versus Riley Sheahan in Diables zone.
4:23 of 2nd period - Snap shot by Andy Miele.
4:23 of 2nd period - Stopped by Frederik Andersen with a rebound.
4:25 of 2nd period - Slapshot by John Moore.
4:25 of 2nd period - Stopped by Frederik Andersen with a rebound.
4:27 of 2nd period - Snap shot by Blake Geoffrion.
4:27 of 2nd period - Shot Misses the Net.
4:29 of 2nd period - Snap shot by Chris Lawrence.
4:29 of 2nd period - Shot Misses the Net.
4:31 of 2nd period - Snap shot by Chris Lawrence.
4:31 of 2nd period - Shot Misses the Net.
4:33 of 2nd period - Snap shot by Chris Lawrence.
4:33 of 2nd period - Shot Blocked by Matt Jones.
4:45 of 2nd period - Riley Sheahan is hit by Mikael Granlund and loses puck.
4:50 of 2nd period - Snap shot by Mikael Granlund.
4:50 of 2nd period - Shot Misses the Net.
5:29 of 2nd period - Icing by Bryan Berard.
5:30 of 2nd period - Andy Miele wins face-off versus Riley Sheahan in Carnivores zone.
5:40 of 2nd period - Icing by Chris Lawrence.
5:41 of 2nd period - Tyler Bozak wins face-off versus Mikael Granlund in Carnivores zone.
6:09 of 2nd period - Slapshot by Blake Geoffrion.
6:09 of 2nd period - Stopped by Frederik Andersen with a rebound.
6:11 of 2nd period - Slapshot by Bobby Sanguinetti.
6:11 of 2nd period - Deflect By Kellan Lain.
6:11 of 2nd period - Stopped by Frederik Andersen with a rebound.
6:18 of 2nd period - Penalty to Brad Richardson is over, Brad Richardson is back on ice.
6:21 of 2nd period - Snap shot by Anton Gustafsson.
6:21 of 2nd period - Shot Misses the Net.
6:39 of 2nd period - Slapshot by Brad Richardson.
6:39 of 2nd period - Shot Blocked by Phil Oreskovic.
6:41 of 2nd period - Snap shot by Kellan Lain.
6:41 of 2nd period - Stopped by Steve Mason without a rebound.
6:42 of 2nd period - Andy Miele wins face-off versus Riley Sheahan in Carnivores zone.
6:42 of 2nd period - Andy Miele is hit by Tyler Cuma.
7:21 of 2nd period - Snap shot by Blake Geoffrion.
7:21 of 2nd period - Stopped by Frederik Andersen without a rebound.
7:22 of 2nd period - Pierre-Cédric Labrie wins face-off versus Mikael Granlund in Diables zone.
7:37 of 2nd period - Snap shot by Mikael Granlund.
7:37 of 2nd period - Stopped by Frederik Andersen with a rebound.
7:47 of 2nd period - Brendan Gallagher is hit by Tyler Bozak and loses puck.
7:56 of 2nd period - Bobby Sanguinetti is hit by Damien Brunner and loses puck.
8:22 of 2nd period - Slapshot by Brad Richardson.
8:22 of 2nd period - Goal by Brad Richardson - Carnivores : 2 - Diables : 2.
8:23 of 2nd period - Andy Miele wins face-off versus Tyler Bozak in neutral zone.
8:50 of 2nd period - Icing by Brad Richardson.
8:51 of 2nd period - Ryan Keller wins face-off versus Craig Smith in Diables zone.
9:04 of 2nd period - Backhand shot by Craig Smith.
9:04 of 2nd period - Shot Misses the Net.
9:06 of 2nd period - Slapshot by Brad Richardson.
9:06 of 2nd period - Shot Misses the Net.
9:08 of 2nd period - Slapshot by Craig Smith.
9:08 of 2nd period - Stopped by Steve Mason without a rebound.
9:09 of 2nd period - Andy Miele wins face-off versus Tyler Bozak in Carnivores zone.
9:18 of 2nd period - Wrist shot by Damien Brunner.
9:18 of 2nd period - Stopped by Steve Mason with a rebound.
9:57 of 2nd period - Wrist shot by Jeremy Welsh.
9:57 of 2nd period - Shot Misses the Net.
9:59 of 2nd period - Snap shot by Anton Gustafsson.
9:59 of 2nd period - Stopped by Frederik Andersen without a rebound.
10:00 of 2nd period - Tyler Bozak wins face-off versus Anton Gustafsson in Diables zone.
10:45 of 2nd period - Snap shot by Pierre-Cédric Labrie.
10:45 of 2nd period - Goal by Pierre-Cédric Labrie - Carnivores : 2 - Diables : 3.
10:46 of 2nd period - Tyler Bozak wins face-off versus Andy Miele in neutral zone.
10:51 of 2nd period - Snap shot by Brandon Prust.
10:51 of 2nd period - Stopped by Steve Mason with a rebound.
11:11 of 2nd period - Wrist shot by Joffrey Lupul.
11:11 of 2nd period - Deflect By Mikael Granlund.
11:11 of 2nd period - Stopped by Frederik Andersen with a rebound.
11:13 of 2nd period - Slapshot by Bobby Sanguinetti.
11:13 of 2nd period - Shot Misses the Net.
11:32 of 2nd period - Off-side.
11:33 of 2nd period - Riley Sheahan wins face-off versus Zack Smith in neutral zone.
11:58 of 2nd period - Tyler Bozak is hit by Andy Miele and loses puck.
12:05 of 2nd period - Wrist shot by Blake Geoffrion.
12:05 of 2nd period - Stopped by Frederik Andersen without a rebound.
12:06 of 2nd period - Tyler Bozak wins face-off versus Andy Miele in Diables zone.
12:47 of 2nd period - Wrist shot by Chris Lawrence.
12:47 of 2nd period - Stopped by Frederik Andersen without a rebound.
12:48 of 2nd period - Mikael Granlund wins face-off versus Tyler Bozak in Diables zone.
12:53 of 2nd period - Slapshot by Bryan Berard.
12:53 of 2nd period - Shot Misses the Net.
12:55 of 2nd period - Wrist shot by Mikael Granlund.
12:55 of 2nd period - Shot Misses the Net.
13:32 of 2nd period - Kellan Lain is hit by Colton Orr and loses puck.
14:09 of 2nd period - Slapshot by Mikael Granlund.
14:09 of 2nd period - Stopped by Frederik Andersen with a rebound.
14:11 of 2nd period - Slapshot by Sasha Pokulok.
14:11 of 2nd period - Deflect By Damien Brunner.
14:11 of 2nd period - Stopped by Frederik Andersen with a rebound.
14:15 of 2nd period - Snap shot by Mikael Granlund.
14:15 of 2nd period - Stopped by Frederik Andersen with a rebound.
14:17 of 2nd period - Wrist shot by Mikael Granlund.
14:17 of 2nd period - Shot Blocked by Dustin Kohn.
14:27 of 2nd period - Tyler Cuma is hit by Jeremy Welsh and loses puck.
14:32 of 2nd period - Snap shot by Anton Gustafsson.
14:32 of 2nd period - Goal by Anton Gustafsson - Carnivores : 3 - Diables : 3.
14:33 of 2nd period - Chris Lawrence wins face-off versus Tyler Bozak in neutral zone.
14:51 of 2nd period - Minor Penalty to Chris Lawrence for Hooking.
14:52 of 2nd period - Andy Miele wins face-off versus Tyler Bozak in Carnivores zone.
15:17 of 2nd period - Brandon Prust is hit by Sasha Pokulok and loses puck.
15:36 of 2nd period - Lane MacDermid is hit by Tyler Bozak and loses puck.
16:51 of 2nd period - Penalty to Chris Lawrence is over, Chris Lawrence is back on ice.
18:55 of 2nd period - Taylor Beck is hit by Chris Lawrence and loses puck.
19:37 of 2nd period - Jeremy Welsh is hit by Kellan Lain and loses puck.
Goals for this period are 1 for Carnivores vs 2 for Diables.
Shots for this period are 15 for Carnivores vs 7 for Diables.
3rd period
0:01 of 3rd period - Andy Miele wins face-off versus Tyler Bozak in neutral zone.
0:04 of 3rd period - Slapshot by Blake Geoffrion.
0:04 of 3rd period - Shot Blocked by Brandon Prust.
0:36 of 3rd period - Wrist shot by Pierre-Cédric Labrie.
0:36 of 3rd period - Goal by Pierre-Cédric Labrie - Carnivores : 3 - Diables : 4.
0:37 of 3rd period - Mikael Granlund wins face-off versus Tyler Bozak in neutral zone.
0:39 of 3rd period - Sasha Pokulok is hit by Tyler Bozak and loses puck.
1:07 of 3rd period - Snap shot by Craig Smith.
1:07 of 3rd period - Stopped by Steve Mason without a rebound.
1:08 of 3rd period - Craig Smith wins face-off versus Andy Miele in Carnivores zone.
1:09 of 3rd period - Slapshot by Kellan Lain.
1:09 of 3rd period - Stopped by Steve Mason with a rebound.
1:38 of 3rd period - Snap shot by Andy Miele.
1:38 of 3rd period - Shot Misses the Net.
1:40 of 3rd period - Snap shot by Blake Geoffrion.
1:40 of 3rd period - Shot Misses the Net.
1:42 of 3rd period - Wrist shot by Chris Lawrence.
1:42 of 3rd period - Shot Misses the Net.
2:00 of 3rd period - Andy Miele is hit by Pavel Valentenko.
2:11 of 3rd period - Icing by Blake Geoffrion.
2:12 of 3rd period - Andy Miele wins face-off versus Tyler Bozak in Carnivores zone.
2:21 of 3rd period - Slapshot by Blake Geoffrion.
2:21 of 3rd period - Stopped by Frederik Andersen without a rebound.
2:22 of 3rd period - Mikael Granlund wins face-off versus Tyler Bozak in Diables zone.
2:23 of 3rd period - Snap shot by Ryan Keller.
2:23 of 3rd period - Shot Misses the Net.
2:30 of 3rd period - Off-side.
2:31 of 3rd period - Tyler Bozak wins face-off versus Mikael Granlund in neutral zone.
2:39 of 3rd period - Wrist shot by Joffrey Lupul.
2:39 of 3rd period - Shot Misses the Net.
3:24 of 3rd period - Snap shot by Pierre-Cédric Labrie.
3:24 of 3rd period - Stopped by Steve Mason with a rebound.
3:26 of 3rd period - Slapshot by Craig Smith.
3:26 of 3rd period - Shot Misses the Net.
3:28 of 3rd period - Snap shot by Craig Smith.
3:28 of 3rd period - Stopped by Steve Mason with a rebound.
3:30 of 3rd period - Snap shot by Brad Richardson.
3:30 of 3rd period - Stopped by Steve Mason without a rebound.
3:31 of 3rd period - Andy Miele wins face-off versus Craig Smith in Carnivores zone.
3:42 of 3rd period - Slapshot by Bobby Sanguinetti.
3:42 of 3rd period - Stopped by Frederik Andersen with a rebound.
3:54 of 3rd period - Minor Penalty to Sasha Pokulok for Holding.
3:55 of 3rd period - Tyler Bozak wins face-off versus Andy Miele in Carnivores zone.
4:00 of 3rd period - Wrist shot by Kellan Lain.
4:00 of 3rd period - Deflect By John Moore.
4:00 of 3rd period - Stopped by Steve Mason without a rebound.
4:01 of 3rd period - Andy Miele wins face-off versus Tyler Bozak in Carnivores zone.
5:08 of 3rd period - Colton Orr is hit by Brandon Prust and loses puck.
5:54 of 3rd period - Penalty to Sasha Pokulok is over, Sasha Pokulok is back on ice.
6:08 of 3rd period - Tyler Cuma is hit by Ryan Keller.
6:26 of 3rd period - Phil Oreskovic is hit by Tyler Cuma and loses puck.
7:49 of 3rd period - John Moore is hit by Brandon Prust and loses puck.
8:02 of 3rd period - Slapshot by Jared Cowen.
8:02 of 3rd period - Shot Misses the Net.
9:04 of 3rd period - Slapshot by Matt Jones.
9:04 of 3rd period - Shot Misses the Net.
9:10 of 3rd period - Slapshot by Lane MacDermid.
9:10 of 3rd period - Stopped by Frederik Andersen with a rebound.
9:15 of 3rd period - Icing by Kellan Lain.
9:16 of 3rd period - Craig Smith wins face-off versus Andy Miele in Diables zone.
9:57 of 3rd period - Snap shot by Bobby Sanguinetti.
9:57 of 3rd period - Stopped by Frederik Andersen with a rebound.
10:05 of 3rd period - Steve Quailer is hit by Sasha Pokulok.
10:56 of 3rd period - Snap shot by Damien Brunner.
10:56 of 3rd period - Shot Misses the Net.
10:58 of 3rd period - Slapshot by Dustin Kohn.
10:58 of 3rd period - Deflect By Ryan Keller.
10:58 of 3rd period - Stopped by Steve Mason with a rebound.
11:00 of 3rd period - Slapshot by Tyler Cuma.
11:00 of 3rd period - Deflect By Tyler Bozak.
11:00 of 3rd period - Shot Misses the Net.
11:00 of 3rd period - Puck is out of play.
11:01 of 3rd period - Pierre-Cédric Labrie wins face-off versus Andy Miele in Carnivores zone.
11:02 of 3rd period - Snap shot by Lukas Krajicek.
11:02 of 3rd period - Shot Blocked by Blake Geoffrion.
11:14 of 3rd period - Slapshot by Steve Quailer.
11:14 of 3rd period - Deflect By Riley Sheahan.
11:14 of 3rd period - Shot Blocked by Chris Lawrence.
11:14 of 3rd period - Puck is out of play.
11:15 of 3rd period - Andy Miele wins face-off versus Tyler Bozak in Carnivores zone.
11:24 of 3rd period - Slapshot by Andy Miele.
11:24 of 3rd period - Stopped by Frederik Andersen with a rebound.
11:36 of 3rd period - Minor Penalty to Bryan Berard for Boarding.
11:37 of 3rd period - Tyler Bozak wins face-off versus Andy Miele in Carnivores zone.
11:40 of 3rd period - Wrist shot by Damien Brunner.
11:40 of 3rd period - Deflect By Tyler Bozak.
11:40 of 3rd period - Shot Misses the Net.
11:40 of 3rd period - Puck is out of play.
11:41 of 3rd period - Andy Miele wins face-off versus Tyler Bozak in Carnivores zone.
12:10 of 3rd period - Slapshot by Brad Richardson.
12:10 of 3rd period - Shot Misses the Net.
12:12 of 3rd period - Wrist shot by Brandon Prust.
12:12 of 3rd period - Shot Blocked by Sasha Pokulok.
12:14 of 3rd period - Slapshot by Jared Cowen.
12:14 of 3rd period - Shot Misses the Net.
12:16 of 3rd period - Snap shot by Craig Smith.
12:16 of 3rd period - Shot Misses the Net.
12:59 of 3rd period - Icing by Tyler Cuma.
13:00 of 3rd period - Craig Smith wins face-off versus Mikael Granlund in Diables zone.
13:36 of 3rd period - Penalty to Bryan Berard is over, Bryan Berard is back on ice.
14:22 of 3rd period - Slapshot by John Moore.
14:22 of 3rd period - Deflect By Tyler Bozak.
14:22 of 3rd period - Stopped by Frederik Andersen with a rebound.
14:24 of 3rd period - Wrist shot by Lane MacDermid.
14:24 of 3rd period - Deflect By Colton Orr.
14:24 of 3rd period - Stopped by Frederik Andersen without a rebound.
14:25 of 3rd period - Zack Smith wins face-off versus Tyler Bozak in Diables zone.
14:26 of 3rd period - Wrist shot by Colton Orr.
14:26 of 3rd period - Stopped by Frederik Andersen with a rebound.
14:38 of 3rd period - Snap shot by Colton Orr.
14:38 of 3rd period - Stopped by Frederik Andersen without a rebound.
14:39 of 3rd period - Craig Smith wins face-off versus Andy Miele in Diables zone.
14:44 of 3rd period - Snap shot by Craig Smith.
14:44 of 3rd period - Shot Misses the Net.
15:04 of 3rd period - Lukas Krajicek is hit by John Moore and loses puck.
15:33 of 3rd period - Slapshot by Bryan Berard.
15:33 of 3rd period - Shot Blocked by Steve Quailer.
16:02 of 3rd period - Wrist shot by Brad Richardson.
16:02 of 3rd period - Deflect By Tyler Bozak.
16:02 of 3rd period - Goal by Tyler Bozak - Carnivores : 3 - Diables : 5.
16:03 of 3rd period - Tyler Bozak wins face-off versus Andy Miele in neutral zone.
16:07 of 3rd period - Off-side.
16:08 of 3rd period - Andy Miele wins face-off versus Tyler Bozak in neutral zone.
16:58 of 3rd period - Snap shot by Colton Orr.
16:58 of 3rd period - Shot Misses the Net.
17:00 of 3rd period - Wrist shot by Zack Smith.
17:00 of 3rd period - Goal by Zack Smith - Carnivores : 4 - Diables : 5.
17:01 of 3rd period - Chris Lawrence wins face-off versus Riley Sheahan in neutral zone.
17:13 of 3rd period - Snap shot by Steve Quailer.
17:13 of 3rd period - Shot Misses the Net.
17:15 of 3rd period - Slapshot by Tyler Cuma.
17:15 of 3rd period - Deflect By Chris Lawrence.
17:15 of 3rd period - Stopped by Steve Mason without a rebound.
17:16 of 3rd period - Craig Smith wins face-off versus Anton Gustafsson in Carnivores zone.
17:19 of 3rd period - Snap shot by Craig Smith.
17:19 of 3rd period - Goal by Craig Smith - Carnivores : 4 - Diables : 6.
17:20 of 3rd period - Andy Miele wins face-off versus Riley Sheahan in neutral zone.
17:23 of 3rd period - Slapshot by John Moore.
17:23 of 3rd period - Stopped by Frederik Andersen with a rebound.
17:31 of 3rd period - Backhand shot by Lukas Krajicek.
17:31 of 3rd period - Deflect By Steve Quailer.
17:31 of 3rd period - Shot Blocked by John Moore.
17:31 of 3rd period - Puck is out of play.
17:32 of 3rd period - Anton Gustafsson wins face-off versus Riley Sheahan in Carnivores zone.
17:39 of 3rd period - Slapshot by Pierre-Cédric Labrie.
17:39 of 3rd period - Shot Hit the Post.
17:45 of 3rd period - Wrist shot by Steve Quailer.
17:45 of 3rd period - Stopped by Steve Mason with a rebound.
18:07 of 3rd period - Wrist shot by Bryan Berard.
18:07 of 3rd period - Deflect By Anton Gustafsson.
18:07 of 3rd period - Stopped by Frederik Andersen without a rebound.
18:08 of 3rd period - Riley Sheahan wins face-off versus Andy Miele in Diables zone.
18:15 of 3rd period - Slapshot by Jared Cowen.
18:15 of 3rd period - Stopped by Steve Mason with a rebound.
18:29 of 3rd period - Minor Penalty to Lukas Krajicek for Hooking.
18:30 of 3rd period - Riley Sheahan wins face-off versus Andy Miele in Diables zone.
18:59 of 3rd period - Slapshot by John Moore.
18:59 of 3rd period - Shot Misses the Net.
19:17 of 3rd period - Tyler Bozak is hit by Blake Geoffrion and loses puck.
Goals for this period are 1 for Carnivores vs 3 for Diables.
Shots for this period are 12 for Carnivores vs 13 for Diables.
Back to the Top